 Dungeon Crawl Stone Soup version 0.29-a0-352-g0917bc69df (webtiles) character file.

Game seed: 10884960333641898164

131 siradein the Skirmisher (level 4, 0/45 HPs)
             Began as a Troll Fighter on Apr 25, 2022.
             Killed by divine providence
             ... invoked by an orc priest
              (13 damage)
             ... on level 3 of the Dungeon.
             The game lasted 00:03:55 (1815 turns).

siradein the Skirmisher (Troll Fighter)             Turns: 1815, Time: 00:03:56

Health: 0/45       AC:  4    Str: 26    XL:     4   Next: 91%
Magic:  3/3        EV:  9    Int:  4    God:
Gold:   159        SH:  7    Dex:  9    Spells: 3/3 levels left

rFire   . . .      SeeInvis .   a - +0 war axe
rCold   . . .      Faith    .   c - +0 kite shield
rNeg    . . .      Spirit   .   b - +0 robe
rPois   .          Reflect  .   (helmet restricted)
rElec   .          Harm     .   (no cloak)
rCorr   .          Rampage  .   (gloves unavailable)
Will    .....                   (boots unavailable)
Stlth   +.........              (no amulet)
HPRegen 0.95/turn               i - ring of flight
MPRegen 0.08/turn               (no ring)

@: flying
A: large, unfitting armour, claws 3, regeneration 1, shaggy fur 1, tough skin 1
a: no special abilities


You were on level 3 of the Dungeon.
You visited 1 branch of the dungeon, and saw 3 of its levels.

You collected 159 gold pieces.

Inventory:

Hand Weapons
 a - a +0 war axe (weapon)
Armour
 b - a +0 robe (worn)
 c - a +0 kite shield (worn)
Jewellery
 i - a ring of flight (left claw)
Wands
 u - a wand of iceblast (5)
Scrolls
 e - 3 scrolls of identify {unknown}
 f - 2 scrolls of immolation {unknown}
 h - 2 scrolls of brand weapon {unknown}
 o - a scroll of teleportation {unknown}
 p - 3 scrolls of vulnerability {unknown}
 t - a scroll of torment {unknown}
Potions
 d - a potion of might
 g - 2 potions of cancellation {unknown}
 j - a potion of haste {unknown}
 k - a potion of mutation {unknown}
 l - a potion of flight {unknown}
 m - a potion of curing {unknown}
 n - 2 potions of heal wounds {unknown}
 q - a potion of lignification {unknown}
 r - 3 potions of degeneration {unknown}
 s - 2 potions of invisibility {unknown}


   Skills:
 + Level 3.1 Fighting
 + Level 2.5 Axes
 + Level 3.1 Dodging
 + Level 3.1 Shields


You had 3 spell levels left.
You didn't know any spells.
Your spell library contained the following spells:

 Spells                   Type           Power      Damage    Failure   Level
 Summon Small Mammal      Summ           0%         N/A       80%         1
 Call Canine Familiar     Summ           0%         N/A       99%         3
 Summon Guardian Golem    Hex/Summ       0%         N/A       99%         3


Dungeon Overview and Level Annotations

Branches:
Dungeon (3/15)

Altars:

Shops:
D:2 *


Innate Abilities, Weirdness & Mutations

You are too large for most types of armour.
You have claws for hands.
Your natural rate of healing is unusually fast.
You are covered in fur. (AC +1)
You have tough skin. (AC +1)


Message History

The orc wizard hits you with a +0 dagger.
The orc priest closely misses you.
The orc wizard hits you but does no damage.
You block the orc priest's attack.
You slash the orc wizard!
The orc wizard is heavily wounded.
The orc wizard hits you with a +0 dagger.
The orc priest hits you from afar with a +0 trident.
An orc comes into view. It is wielding a +0 flail.
You closely miss the orc wizard.
The orc wizard is heavily wounded.
The orc wizard hits you with a +0 dagger.
The orc priest barely misses you. You block the orc wizard's attack.
The orc priest hits you from afar with a +0 trident.
You closely miss the orc wizard.
The orc wizard is heavily wounded.
The orc wizard casts a spell at you. The magic dart hits you.
The orc priest mumbles some strange prayers to Beogh against you.
Beogh smites you!
You are too injured to fight recklessly!
You are too injured to fight recklessly!
You are too injured to fight recklessly!
You hit the orc wizard.
The orc wizard is almost dead.
The orc priest hits you but does no damage.
The orc wizard gestures wildly while chanting.
The orc wizard flickers and vanishes!
Deactivating autopickup; reactivate with Ctrl-A.
Something hits you. You block the orc priest's attack.
You block something's attack.
You see here an adder corpse.
Something hits you.
You hear some strange, mumbled words.
A puff of flame appears from out of thin air!
The puff of flame hits you!
* * * LOW HITPOINT WARNING * * *
The orc priest mumbles some strange prayers to Beogh against you.
Beogh smites you!
You die...

#.##.#.#
########
#....#.#
######.# #.#
#.# #.#
#.###########
#.#.........#
##.#<#######@#
#..(.# #.#
###### #.#
#..P #{# ####
#o# #.#
#####o#####
#.....o...#
#.#.#.##o.#


You could see an orc priest and 2 orcs.

Vanquished Creatures
  An orc priest (D:2)
  5 adders
  A worm (D:2)
  2 dart slugs (D:1)
  3 orcs (D:2)
  3 ball pythons
  4 endoplasms
  3 giant cockroaches
  5 goblins (D:1)
  2 hobgoblins
  A jackal (D:1)
  3 quokkas
  5 bats
  3 frilled lizards
  5 kobolds
  4 rats
50 creatures vanquished.

Notes
Turn   | Place    | Note
-------+----------+-------------------------------------------
     0 | D:1      | siradein the Troll Fighter began the quest for the Orb.
     0 | D:1      | Reached XP level 1. HP: 22/22 MP: 0/0
    54 | D:1      | Reached XP level 2. HP: 26/29 MP: 1/1
   405 | D:1      | Reached XP level 3. HP: 36/36 MP: 2/2
   515 | D:2      | Found a faded altar of an unknown god.
   581 | D:2      | Found Rannel's Assorted Antiques.
   899 | D:2      | Reached XP level 4. HP: 22/45 MP: 3/3
  1815 | D:3      | Killed from afar by an orc priest

Illustrated notes

Levels and vault maps discovered:
D:1:      scummos_arrival_gate, layout_rooms, minmay_box_of_dots
D:2:      layout_loops_ring, serial_shops, nicolae_shop_trees,
          nicolae_ecumenical_pavilion, minmay_misc_feat_square
D:3:      layout_loops_corners, serial_aquarium, aquarium_bridge_square
          [aquarium_subvault_bridge, aquarium_subvault_wall,
          aquarium_subvault_bridge, aquarium_subvault_wall],
          aquarium_window_fake, aquarium_window_fake, aquarium_view_2a,
          aquarium_pool_side

Skill      XL: |  1  2  3 |
---------------+----------+-----
Axes           | 2 |  2.5
Fighting       | 3 |  3.1
Dodging        | 3 |  3.1
Shields        | 3 |  3.1

Action                   |  1- 3 |  4- 6 || total
-------------------------+-------+-------++-------
Melee: War axe           |   122 |    56 ||   178
Armor: Robe              |    48 |    18 ||    66
Dodge: Dodged            |    52 |    19 ||    71
Block: Kite shield       |    52 |    29 ||    81

Table legend: (Time is in decaauts)
 A = Elapsed time spent in this place.
 B = Non-inter-level travel time spent in this place.
 C = Inter-level travel time spent in this place.
 D = Time resting spent in this place.
 E = Time spent auto-exploring this place.
 F = Levels seen in this place.
 G = Mean time per level.
                   A        B        C        D        E       F      G
               +--------+--------+--------+--------+--------+-----+--------+
         Total |   1908 |   1867 |     41 |     11 |   1407 |   3 |  636.0 |
       Dungeon |   1908 |   1867 |     41 |     11 |   1407 |   3 |  636.0 |
               +--------+--------+--------+--------+--------+-----+--------+

Top non-repeatable levels by time:
     D:2: 857 daAuts
     D:1: 546 daAuts
     D:3: 504 daAuts
